 Dungeon Crawl Stone Soup version 0.22-a0-558-gc224181 (webtiles) character file.

57 lungs the Digger (level 4, -5/24 HPs)
             Began as a Gargoyle Earth Elementalist on June 27, 2018.
             Slain by a gnoll
             ... wielding a +0 halberd
              (14 damage)
             ... on level 2 of the Dungeon.
             The game lasted 00:11:24 (1331 turns).

lungs the Digger (Gargoyle Earth Elementalist)      Turns: 1331, Time: 00:11:25

Health: -5/24      AC:  5    Str: 11    XL:     4   Next: 0%
Magic:  1/7        EV: 12    Int: 17    God:
Gold:   69         SH:  0    Dex: 10    Spells: 0/8 levels left

rFire    + . .     SeeInvis .   n - +0 dagger (venom)
rCold    x . .     Gourm    .   (no shield)
rNeg     + . .     Faith    .   c - +0 robe
rPois    ∞         Spirit   .   (no helmet)
rElec    +         Reflect  .   (no cloak)
rCorr    .         Harm     .   (no gloves)
MR       .....                  (no boots)
Stlth    ++........             (no amulet)
HPRegen  0.08/turn              m - ring of fire
MPRegen  0.10/turn              (no ring)

@: very slightly contaminated
A: negative energy resistance 1, electricity resistance, unbreathing,
petrification resistance, rot immunity, AC +3
a: no special abilities


You were on level 2 of the Dungeon.
You were not hungry.

You visited 1 branch of the dungeon, and saw 2 of its levels.

You collected 69 gold pieces.

Inventory:

Hand Weapons
 e - a +0 short sword
 n - a +0 dagger of venom (weapon)
 o - a +2 hunting sling of flaming
Missiles
 b - 64 stones (quivered)
 i - 19 sling bullets
 k - 8 javelins
Armour
 c - a +0 robe (worn)
Jewellery
 m - a ring of fire (left hand)
Scrolls
 f - a scroll of magic mapping {unknown}
 g - 2 scrolls of identify {unknown}
 j - 3 scrolls of remove curse {unknown}
 l - a scroll of noise {unknown}
 q - a scroll of enchant armour {unknown}
Potions
 a - a potion of brilliance {unknown}
 h - a potion of lignification {unknown}
Comestibles
 d - 3 rations
 p - 2 chunks of flesh


   Skills:
 + Level 2.1 Dodging
 + Level 2.9 Stealth
 + Level 2.5 Spellcasting
 - Level 0.7 Transmutations
 + Level 4.3 Earth Magic


You couldn't memorise any spells.
You knew the following spells:

 Your Spells              Type           Power        Failure   Level  Hunger
a - Sandblast             Erth           ###...       3%          1    #......
b - Petrify               Tmut/Erth      ##......     54%         4    #####..
c - Stone Arrow           Conj/Erth      #.....       22%         3    ###....

Your spell library contained the following spells:

 Spells                   Type           Power        Failure   Level  Hunger
 Passwall                 Tmut/Erth      ##......     10%         2    ##.....
 Lee's Rapid Deconstruct  Erth           ###.......   63%         5    ######.


Dungeon Overview and Level Annotations

Branches:
Dungeon (2/15)

Altars:


Innate Abilities, Weirdness & Mutations

You are resistant to torment.
Your stone body is resilient. (AC +3)
You are immune to poison.
You resist negative energy. (rN+)
You are resistant to electric shocks. (rElec)
You can survive without breathing.
You are immune to petrification.
You are immune to rotting.


Message History

There is a stone staircase leading up here.
The gnoll hits you from afar with a halberd!
Ouch! That really hurt!
Casting: Sandblast (safe; 3% risk of failure)
Confirm with . or Enter, or press ? or * to list all spells.
Aiming: Stone Arrow (safe; 22% risk of failure)
Press: ? - help, Shift-Dir - straight line, f - gnoll
Aim: a gnoll, wielding a halberd You miscast Stone Arrow.
You are very lightly contaminated with residual magic.
You feel a surge of energy from the ground.
Casting: Stone Arrow (safe; 22% risk of failure)
Confirm with . or Enter, or press ? or * to list all spells.
Aiming: Stone Arrow (safe; 22% risk of failure)
Press: ? - help, Shift-Dir - straight line, f/p - gnoll
Aim: a gnoll, wielding a halberd You miscast Stone Arrow.
Your feet feel warm.
The gnoll hits you from afar with a halberd!
Ouch! That really hurt!
You die...

#.# #.# ..# ######.# #.# $
#......# #.# ...####.#######
#.# ..............# #.#
.....##)#####.# ##.##
####.##)#
#.#########...##### #.##.#
#.@.g.g(....)†..g$.
#.##.#####.#########...#####
#..........# ##.##
#.##..###### #.# ##.##.>###
#.# .####........? #.#
......)##..### #.#
######†##.[# #.# #.##....


You could see 2 gnolls.

Vanquished Creatures
  A gnoll (D:2)
  An adder (D:2)
  An ooze (D:1)
  A worm (D:2)
  A dart slug (D:2)
  A giant cockroach (D:2)
  4 hobgoblins
  A bat (D:2)
  A frilled lizard (D:2)
  7 goblins
  5 kobolds
  7 rats
31 creatures vanquished.

Notes
Turn   | Place    | Note
-------+----------+-------------------------------------------
     0 | D:1      | lungs the Gargoyle Earth Elementalist began the quest for the Orb.
     0 | D:1      | Reached XP level 1. HP: 10/10 MP: 3/3
   387 | D:1      | Reached XP level 2. HP: 15/15 MP: 1/5
   534 | D:1      | Reached skill level 4 in Earth Magic
   934 | D:2      | Reached XP level 3. HP: 19/19 MP: 4/6
   992 | D:2      | Found a faded altar of an unknown god.
  1270 | D:2      | Reached XP level 4. HP: 24/24 MP: 2/7
  1316 | D:1      | Learned a level 4 spell: Petrify
  1321 | D:1      | Learned a level 3 spell: Stone Arrow
  1331 | D:2      | Slain by a gnoll

Vault maps used:
D:1:      minmay_arrival_solitary_statue
D:2:      chequers_ecumenical_altar_simple_redux, first_ration,
          uniq_crazy_yiuf_cottage

Skill      XL: |  1  2  3 |
---------------+----------+-----
Earth Magic    | 4 |  4.3
Dodging        | 2 |  2.1
Stealth        | |  2.9
Spellcasting   | |  2.5
Transmutations | |  0.7

Action                   |  1- 3 |  4- 6 || total
-------------------------+-------+-------++-------
Melee: Dagger            |    29 |       ||    29
 Cast: Sandblast         |    30 |     1 ||    31
 Stab: Sleeping          |     1 |       ||     1
  Eat: Chunk             |     1 |     1 ||     2
Armor: Robe              |    13 |       ||    13
Dodge: Dodged            |    22 |     2 ||    24

Table legend:
 A = Spawn XP
 B = Non-spawn XP
 C = Spawn XP percentage of total XP
 D = Spawn monster count
 E = Non-spawn monster count
 F = Spawn count percentage of total count
 G = Total turns spent on level
                    A         B        C        D         E        F      G
               +---------+---------+-------+---------+---------+-------+---------
         Total |       0 |      82 |   0.0 |       0 |      31 |   0.0 |  1331
               +---------+---------+-------+---------+---------+-------+---------
           D:1 |       0 |      24 |   0.0 |       0 |      13 |   0.0 |   886
           D:2 |       0 |      58 |   0.0 |       0 |      18 |   0.0 |   445
               +---------+---------+-------+---------+---------+-------+---------
